 Dungeon Crawl Stone Soup version 0.31-a0-931-g7b59d4eb97 (webtiles) character file.

Game seed: 6065559221534885152

64 LadyBoffin the Firebug (level 4, -6/24 HPs)
             Began as a Tengu Fire Elementalist on Oct 19, 2023.
             Killed from afar by Ijyb (13 damage)
             ... with an iceblast
             ... on level 3 of the Dungeon.
             The game lasted 00:10:58 (1956 turns).

LadyBoffin the Firebug (Tengu Fire Elementalist)    Turns: 1956, Time: 00:10:59

Health: -6/24      AC:  3    Str:  9    XL:     4   Next: 12%
Magic:  5/8        EV: 12    Int: 17    God:
Gold:   125        SH:  0    Dex: 14    Spells: 6/7 levels left

rFire   . . .        v - +1 short sword (flame)
rCold   . . .        (no shield)
rNeg    . . .        a - +0 robe
rPois   .            (helmet restricted)
rElec   .            (no cloak)
rCorr   .            h - +0 pair of gloves
SInv    .            (boots unavailable)
Will    .....        (no amulet)
Stlth   ++           e - ring of flight
HPRegen 0.24/turn    (no ring)
MPRegen 0.11/turn

%: acrobat
@: flying
A: beak, talons 3, acrobatic
a: no special abilities


You were on level 3 of the Dungeon.
You visited 1 branch of the dungeon, and saw 3 of its levels.

You collected 125 gold pieces.

Inventory:

Hand Weapons
 i - a +0 short sword
 v - a +1 short sword of flaming (weapon)
Armour
 a - a +0 robe (worn)
 h - a +0 pair of gloves (worn)
 s - a +0 helmet
Jewellery
 e - a ring of flight (left hand)
 j - an amulet of faith
Wands
 q - a wand of iceblast (9)
Scrolls
 d - 2 scrolls of identify {unknown}
 k - a scroll of vulnerability {unknown}
 l - 2 scrolls of teleportation {unknown}
 n - 2 scrolls of enchant armour {unknown}
 o - a scroll of acquirement {unknown}
 p - 3 scrolls of poison {unknown}
 r - a scroll of blinking {unknown}
 u - a scroll of fog {unknown}
Potions
 b - a potion of magic
 c - a potion of mutation {unknown}
 g - 3 potions of curing
 m - 2 potions of degeneration {unknown}
 t - 2 potions of enlightenment {unknown}


   Skills:
 + Level 2.4 Dodging
 + Level 2.5 Stealth
 + Level 2.4 Spellcasting
 + Level 2.0 Conjurations
 + Level 4.4 Fire Magic


You had 6 spell levels left.
You knew the following spells:

 Your Spells              Type           Power      Damage    Failure   Level
a - Foxfire               Conj/Fire      48%        2x1d6     4%          1

Your spell library contained the following spells:

 Spells                   Type           Power      Damage    Failure   Level
 Scorch                   Fire           34%        2d6       4%          2
 Inner Flame              Hex/Fire       9%         N/A       22%         3
 Volatile Blastmotes      Fire/Tloc      18%        2d11      22%         3
 Flame Wave               Conj/Fire      12%        2d6       45%         4


Dungeon Overview and Level Annotations

Branches:
Dungeon (3/15)

Altars:

Shops:
D:3 :(

Annotations:
D:3 Ijyb


Innate Abilities, Weirdness & Mutations

You have a beak for a mouth.
You have claws for feet.
You can magically evade attacks while moving or waiting.


Message History

v - a +1 short sword of flaming (weapon)
You drop a +0 dagger.
Ijyb the Twisted Goblin comes into view.
She is wielding a +0 club and carrying a wand of iceblast.
Ijyb shouts!
Casting: Foxfire (safe; 4% risk of failure)
Confirm with . or Enter, or press ? or * to list all spells.
You conjure some foxfire!
The foxfire hits Ijyb.
Ijyb is lightly wounded.
The foxfire hits Ijyb.
Ijyb is moderately wounded.
Ijyb zaps a wand.
The mass of ice explodes!
The iceblast engulfs you!
Ouch! That really hurt!
* * * LOW HITPOINT WARNING * * *
Casting: Foxfire (safe; 4% risk of failure)
Confirm with . or Enter, or press ? or * to list all spells.
You conjure some foxfire!
The foxfire hits Ijyb but does no damage.
Ijyb is moderately wounded.
The foxfire hits Ijyb.
Ijyb is moderately wounded.
Casting: Foxfire (safe; 4% risk of failure)
Confirm with . or Enter, or press ? or * to list all spells.
You conjure some foxfire!
The foxfire hits Ijyb.
Ijyb is heavily wounded.
Your foxfire dissipates!
Casting: Foxfire (safe; 4% risk of failure)
Confirm with . or Enter, or press ? or * to list all spells.
You conjure some foxfire!
The foxfire hits Ijyb.
Ijyb is heavily wounded.
The foxfire hits Ijyb but does no damage.
Ijyb is heavily wounded.
Ijyb zaps a wand.
The mass of ice explodes!
The iceblast engulfs you!
* * * LOW HITPOINT WARNING * * *
Unknown command.
It was a potion of curing.
You feel better.
Ijyb zaps a wand.
The mass of ice explodes!
The iceblast engulfs you!
Ouch! That really hurt!
You die...

###### .....##########
####..........# #
#..#######.#
####..#######.#########
...............§.g....#
.###..##...##.##.####.#
.# #..#....##.##@# #.#
.###..........##.# #.#
.....##)...#####.# #.#
.#######.#..∩....####.##
## #.##########....# #.#
#.#.## #+# #.### #. #.


You could see Ijyb.

Vanquished Creatures
  2 adders
  2 dart slugs
  An orc (D:3)
  4 ball pythons
  6 endoplasms
  3 giant cockroaches
  4 goblins
  2 hobgoblins (D:2)
  A kobold (D:2)
  A quokka (D:3)
  4 bats
  5 frilled lizards
  4 rats
39 creatures vanquished.

Vanquished Creatures (collateral kills)
  A foxfire (D:2)
1 creature vanquished.

Vanquished Creatures (others)
  110 foxfires
110 creatures vanquished.

Grand Total: 150 creatures vanquished

Notes
Turn   | Place    | Note
-------+----------+-------------------------------------------
     0 | D:1      | LadyBoffin the Tengu Fire Elementalist began the quest for
                  | the Orb.
     0 | D:1      | Reached XP level 1. HP: 10/10 MP: 4/4
   173 | D:1      | Reached XP level 2. HP: 13/15 MP: 3/6
   720 | D:1      | You are sucked into a shaft and drop 1 floor!
   871 | D:2      | Reached XP level 3. HP: 19/19 MP: 5/7
  1067 | D:2      | Reached skill level 4 in Fire Magic
  1493 | D:3      | Found Tujaprog's Vocational Training.
  1507 | D:3      | Reached XP level 4. HP: 20/24 MP: 3/8
  1873 | D:3      | Found Qixyraqone's Antique Weapon Shop.
  1939 | D:3      | Noticed Ijyb
  1956 | D:3      | Killed from afar by Ijyb

Illustrated notes

Levels and vault maps discovered:
D:1:      minmay_arrival_doors, layout_loops_ring, st_stairs_9
D:2:      layout_basic, guppyfry_early_lair_pool
D:3:      corexii_shack_village, layout_loops_corners, serial_shops, shop,
          nicolae_shop_vocational, uniq_ijyb

Skill      XL: |  1  2  3  4 |
---------------+-------------+-----
Fire Magic     | 4 |  4.4
Conjurations   | 2 |  2.0
Dodging        | |  2.4
Stealth        | |  2.5
Spellcasting   | |  2.4

Action                     |  1- 3 |  4- 6 || total
---------------------------+-------+-------++-------
  Melee: Unarmed           |     3 |       ||     3
         Kick              |     3 |       ||     3
         Dagger            |     1 |       ||     1
         Short sword       |     6 |     2 ||     8
         Peck              |     1 |       ||     1
   Cast: Foxfire           |    73 |     8 ||    81
    Use: Potion            |       |     1 ||     1
   Stab: Sleeping          |       |     1 ||     1
 Armour: Robe              |     9 |     3 ||    12
  Dodge: Dodged            |    14 |     2 ||    16

Table legend: (Time is in decaauts)
 A = Elapsed time spent in this place.
 B = Non-inter-level travel time spent in this place.
 C = Inter-level travel time spent in this place.
 D = Time resting spent in this place.
 E = Time spent auto-exploring this place.
 F = Levels seen in this place.
 G = Mean time per level.
                   A        B        C        D        E       F      G
               +--------+--------+--------+--------+--------+-----+--------+
         Total |   1953 |   1843 |    110 |    178 |   1231 |   3 |  651.0 |
       Dungeon |   1953 |   1843 |    110 |    178 |   1231 |   3 |  651.0 |
               +--------+--------+--------+--------+--------+-----+--------+

Top non-repeatable levels by time:
     D:2: 770 daAuts
     D:1: 719 daAuts
     D:3: 464 daAuts
